Map: [ESL] Ancient Cistern

Players

Cow (PiG) - Winner!

  • Race: Terran Terran
  • League: Grandmaster
  • Spawn Location: 7:00

spinstick

  • Race: Zerg Zerg
  • League: Silver
  • Spawn Location: 1:00

VOD

https://www.youtube.com/playlist?list=PLOrKQEirgvjBrkg_LERyoNc_WYX2C2tgI

Description

Time

  • Played on: July 11, 2023, 5:50 p.m.
  • Length: 17:16
Show
View Real Time Build Order
Export as new Build Order

Cow Terran - Winner!

Build Orders:  

Get SALT Encoding   

  12  0:04  SCV  
  13  0:16  SCV  
  13  0:19  Supply Depot  
  14  0:28  SCV  
  15  0:41  SCV  
  15  0:42  Barracks  
  16  0:47  Refinery  
  17  0:57  SCV  
  17  1:09  SCV  
  18  1:21  SCV  
  19  1:31  Barracks Reactor  
  19  1:34  Orbital Command  
  19  1:44  Command Center  
  19  2:02  SCV  
  20  2:12  Supply Depot  
  20  2:14  Marine x2  
  22  2:16  SCV  
  23  2:34  Marine x2, SCV  
  26  2:48  Factory  
  26  2:49  SCV  
  26  2:51  Refinery  
  27  2:52  Marine x2  
  29  3:01  SCV  
  29  3:07  Orbital Command  
  29  3:09  Marine  
  29  3:11  Bunker  
  30  3:13  SCV  
  31  3:25  SCV  
  32  3:35  SCV  
  32  3:38  SCV  
  34  3:42  Marine x2  
  34  3:47  SCV  
  37  3:49  Starport  
  37  3:50  SCV  
  37  3:53  Factory Tech Lab  
  38  3:59  SCV  
  38  4:00  Marine x2  
  38  4:02  SCV  
  42  4:10  Supply Depot x2  
  42  4:11  SCV  
  43  4:17  Marine  
  43  4:18  Marine  
  43  4:23  SCV  
  46  4:32  Siege Tank, SCV  
  46  4:33  Supply Depot  
  46  4:34  Viking, Supply Depot  
  46  4:35  Marine x2, SCV  
  55  4:44  SCV  
  56  4:47  SCV  
  57  4:53  Marine  
  57  4:56  SCV  
  57  4:58  Supply Depot  
  57  4:59  SCV  
  60  5:01  Marine  
  60  5:04  Siege Tank  
  60  5:05  Starport Reactor  
  64  5:07  Supply Depot  
  64  5:08  SCV  
  64  5:11  Marine, SCV  
  67  5:19  Marine  
  67  5:20  SCV  
  69  5:29  Marine  
  69  5:33  Supply Depot x2  
  70  5:36  SCV x2  
  70  5:39  Marine  
  70  5:40  Siege Tank  
  70  5:41  Medivac  
  70  5:42  Medivac  
  80  5:46  Marine  
  80  5:48  SCV  
  80  5:49  SCV  
  83  6:00  SCV  
  83  6:01  SCV  
  85  6:10  Barracks  
  83  6:12  Siege Tank  
  83  6:13  SCV x2  
  83  6:14  Barracks  
  88  6:21  Barracks  
  88  6:23  Barracks  
  88  6:48  Refinery  
  88  6:49  Refinery  
  88  6:51  Engineering Bay, Marine  
  88  6:52  Marine  
  88  6:53  Siege Tank  
  93  6:55  Medivac  
  95  7:05  Supply Depot  
  95  7:09  Marine x2, Supply Depot  
  97  7:24  Terran Infantry Weapons Level 1  
  97  7:25  Siege Tank  
  97  7:27  Marine  
  97  7:29  Supply Depot  
  101  7:31  Barracks Tech Lab x2  
  101  7:32  Barracks Reactor x2  
  101  7:33  Supply Depot  
  101  7:56  Marine x2  
  101  7:58  Medivac, Siege Tank  
  106  7:59  Medivac  
  110  8:10  Stimpack  
  110  8:11  Combat Shield  
  110  8:31  Marauder  
  110  8:32  Marine x6, Marauder  
  120  8:34  Siege Tank  
  123  8:49  Marine x6  
  123  8:51  Supply Depot x2  
  123  8:53  Marine, Marauder  
  132  9:07  Marine x3  
  132  9:08  Marine x3  
  132  9:09  Siege Tank  
  141  9:12  Medivac, Marauder  
  141  9:13  Supply Depot  
  141  9:14  Marauder, Supply Depot  
  147  9:25  Marine x3  
  147  9:26  Marine x3  
  147  9:30  Concussive Shells  
  153  9:34  Marauder  
  153  9:35  Marine  
  156  9:41  Siege Tank  
  156  9:43  Marine  
  160  9:59  Marauder x2, Marine  
  164  10:00  Marine x4  
  164  10:01  Marine  
  170  10:11  Terran Infantry Armor Level 1  
  170  10:13  Siege Tank  
  173  10:17  Marine  
  174  10:37  Marine  
  174  10:38  Marine x4  
  174  10:39  Marine  
  174  10:40  Marauder x2  
  132  10:45  Siege Tank  
  118  10:55  Marine  
  118  10:56  Marine x4  
  122  10:57  Marine  
  122  11:01  Marauder  
  122  11:02  Marauder  
  127  11:06  Supply Depot  
  127  11:08  Supply Depot  
  127  11:13  Marine  
  127  11:14  Marine x3  
  127  11:17  Siege Tank  
  134  11:21  Supply Depot  
  134  11:22  Supply Depot  
  134  11:23  Supply Depot  
  134  11:25  Supply Depot  
  134  11:26  Supply Depot  
  134  11:28  Marine x2  
  136  11:45  Marine x2  
  103  11:54  Siege Tank  
  103  11:55  Medivac x2  
  103  11:56  Marine x6  
  112  12:04  Marauder x2  
  116  12:14  Marine x6  
  122  12:25  Marauder x2  
  122  12:26  Siege Tank  
  129  12:30  Medivac x2  
  129  12:32  Marine x6  
  139  12:47  Marauder x2  
  139  12:49  Marine  
  139  12:50  Marine x5  
  149  12:58  Siege Tank  
  145  13:07  Marine  
  145  13:08  Marauder x2  
  149  13:29  Marauder x2  
  147  13:49  Marine  
  147  13:50  Marine x5  
  147  13:51  Marauder x2  
  147  13:53  Siege Tank  
  147  13:54  Medivac  
  162  14:07  Marine x6  
  168  14:12  Marauder x2  
  139  14:25  Marine x6, Siege Tank  
  139  14:29  Medivac  
  141  14:34  Marauder x2  
  145  14:43  Marine x6  
  151  14:54  Marine  
  151  14:55  Marauder  
  154  15:01  Marine x2  
  140  15:15  Marine  
Show
View Real Time Build Order
Export as new Build Order

spinstick Zerg 

Build Orders: Hatch First 

Get SALT Encoding   

  12  0:00  Drone  
  13  0:12  Overlord  
  13  0:16  Drone  
  14  0:31  Drone x2  
  16  0:48  Hatchery  
  15  0:51  Drone  
  16  0:57  Drone  
  16  0:59  Drone  
  18  1:12  Extractor  
  18  1:15  Spawning Pool  
  18  1:17  Drone  
  17  1:22  Drone  
  18  1:28  Drone  
  19  1:40  Drone  
  20  1:50  Overlord  
  20  2:03  Queen  
  20  2:04  Queen  
  20  2:05  Zergling x2  
  20  2:07  Zergling x2  
  26  2:11  Drone x2  
  28  2:38  Drone x4  
  28  2:39  Metabolic Boost  
  32  2:45  Drone x2  
  34  2:58  Hatchery, Queen  
  34  3:10  Drone  
  35  3:14  Overlord x2  
  35  3:32  Queen  
  37  3:39  Drone x7  
  44  3:49  Drone x7  
  51  4:10  Overlord  
  51  4:12  Overlord  
  51  4:13  Overlord  
  51  4:24  Drone x6  
  57  4:31  Zergling x10  
  62  4:41  Drone  
  63  4:46  Queen  
  65  4:56  Zergling x18  
  74  5:04  Baneling Nest  
  73  5:11  Extractor, Drone x2  
  73  5:12  Drone  
  73  5:13  Overlord x2  
  75  5:28  Lair  
  75  5:35  Drone x2  
  77  5:36  Zergling x6, Evolution Chamber x2  
  77  5:37  Zergling x10  
  83  6:01  Hatchery  
  82  6:08  Hatchery  
  81  6:17  Drone x13  
  94  6:25  Zerg Melee Weapons Level 1  
  94  6:26  Zerg Ground Armor Level 1, Zergling x6  
  94  6:27  Overlord x2  
  97  6:56  Zergling x22  
  97  7:00  Extractor  
  107  7:03  Extractor  
  107  7:05  Extractor  
  105  7:14  Zergling x12  
  111  7:16  Overlord x2  
  111  7:18  Overseer  
  111  7:27  Drone x3  
  114  7:34  Zergling x4  
  114  7:35  Zergling x22, Infestation Pit  
  126  7:38  Baneling x28  
  126  7:52  Drone x3  
  126  7:56  Centrifugal Hooks  
  129  7:59  Zergling x14  
  129  8:00  Zergling x10  
  141  8:09  Hatchery  
  141  8:10  Hatchery, Queen  
  141  8:22  Overlord x6  
  141  8:26  Overseer  
  141  8:39  Queen  
  143  8:48  Zergling x36  
  161  8:50  Zerg Melee Weapons Level 2  
  161  8:51  Zerg Ground Armor Level 2  
  161  8:56  Baneling x10  
  161  8:58  Zergling x4  
  161  9:01  Drone x3  
  166  9:04  Drone x2  
  166  9:09  Overlord  
  168  9:15  Zergling x8  
  172  9:29  Pathogen Glands  
  172  9:31  Hive  
  172  9:33  Drone x10  
  172  9:34  Drone x2  
  164  10:02  Zergling x34  
  181  10:26  Baneling x7  
  181  10:29  Overseer  
  121  10:47  Zergling x46  
  121  10:48  Zergling x16  
  124  11:12  Infestor x3  
  124  11:13  Infestor x5  
  124  11:16  Zergling x22  
  149  11:33  Baneling x18  
  149  11:38  Baneling x2  
  117  11:58  Zergling x28  
  117  11:59  Zergling x20  
  141  12:04  Zergling x10  
  146  12:12  Zergling x16  
  154  12:15  Zergling x2  
  154  12:20  Hatchery, Baneling x4  
  154  12:21  Baneling x11  
  154  12:22  Zergling x12  
  160  12:24  Baneling x7  
  160  12:31  Zergling x12  
  160  12:35  Overseer  
  160  12:36  Overlord x3  
  166  12:47  Ultralisk Cavern  
  165  12:57  Hatchery  
  129  13:00  Hatchery  
  104  13:12  Zergling x54  
  118  13:23  Zergling x12  
  124  13:33  Hatchery  
  123  13:35  Baneling x10  
  123  13:39  Baneling x10  
  116  13:45  Zergling x24  
  116  13:46  Zergling x12  
  131  13:52  Chitinous Plating  
  125  14:04  Zergling x26  
  125  14:06  Baneling x7  
  99  14:30  Zergling x30  
  99  14:31  Zergling x8  
  114  14:49  Zergling x14  
  114  14:50  Zergling x2  
  113  15:01  Hatchery  
  113  15:06  Zergling x22  
  121  15:11  Anabolic Synthesis  
  107  15:18  Zergling x10  
  102  15:35  Zergling x18  
  59  16:09  Zergling x16  
  50  16:30  Spawning Pool  
Tags
 
Add a new tag
Caveats
  • Supply blocks, unpowered buildings, or Contaminate may cause inaccurate times.
  • Supply counts are checked every 10 seconds.